 Dungeon Crawl Stone Soup version 0.31-a0-845-g9abc20d24f (webtiles) character file.

Game seed: 6700968972976250646

63 retardedninja the Firebug (level 4, -3/24 HPs)
             Began as a Gargoyle Fire Elementalist on Oct 2, 2023.
             Slain by a gnoll
             ... wielding a +3 flail of holy wrath
              (12 damage)
             ... on level 1 of the Dungeon.
             The game lasted 00:02:12 (2072 turns).

retardedninja the Firebug (GrFE)                    Turns: 2072, Time: 00:02:13

Health: -3/24      AC:  5    Str: 12    XL:     4   Next: 9%
Magic:  2/7        EV: 12    Int: 17    God:
Gold:   118        SH:  0    Dex: 10    Spells: 4/7 levels left

rFire   . . .        (no weapon)
rCold   . . .        (no shield)
rNeg    + . .        a - +0 robe
rPois   ∞            (no helmet)
rElec   +            (no cloak)
rCorr   .            (no gloves)
SInv    .            (no boots)
Will    .....        (no amulet)
Stlth   ++           (no ring)
HPRegen 0.24/turn    (no ring)
MPRegen 0.10/turn

%: no passive effects
@: very slightly contaminated
A: sickness immunity, AC +3, negative energy resistance 1, electricity
resistance, torment resistance 1, petrification resistance
a: no special abilities


You were on level 1 of the Dungeon.
You visited 1 branch of the dungeon, and saw 2 of its levels.

You collected 118 gold pieces.

Inventory:

Armour
 a - a +0 robe (worn)
Jewellery
 h - a +5 ring of evasion
Scrolls
 c - 2 scrolls of enchant weapon {unknown}
 d - a scroll of revelation {unknown}
 i - a scroll of poison {unknown}
Potions
 b - a potion of magic
 e - a potion of curing {unknown}
 f - 2 potions of mutation {unknown}
 g - a potion of ambrosia {unknown}


   Skills:
 + Level 2.0 Dodging
 + Level 3.0 Stealth
 + Level 2.4 Spellcasting
 + Level 2.0 Conjurations
 + Level 3.4 Fire Magic


You had 4 spell levels left.
You knew the following spells:

 Your Spells              Type           Power      Damage    Failure   Level
a - Foxfire               Conj/Fire      44%        2x1d6     6%          1
b - Scorch                Fire           26%        2d6       7%          2

Your spell library contained the following spells:

 Spells                   Type           Power      Damage    Failure   Level
 Inner Flame              Hex/Fire       7%         N/A       26%         3
 Volatile Blastmotes      Fire/Tloc      14%        2d11      26%         3
 Flame Wave               Conj/Fire      11%        2d6       52%         4
 Haunt                    Necr/Summ      1%         N/A       100%        7
 Borgnjor's Revivificati  Necr           1%         N/A       100%        8
 Death's Door             Necr           1%         N/A       100%        9


Dungeon Overview and Level Annotations

Branches:
Dungeon (2/15)

Altars:


Innate Abilities, Weirdness & Mutations

You are immune to sickness and miasma.
Your stone body is resilient. (AC +3)
You are immune to poison.
You resist negative energy. (rN+)
You are resistant to electric shocks. (rElec)
You are resistant to unholy torment.
You are immune to petrification.


Message History

There is a stone staircase leading down here.
You climb downwards.
The gnoll hits you with a +3 flail of holy wrath!
The gnoll closely misses you.
There is a stone staircase leading up here.
The bat closely misses you. The bat barely misses you. The gnoll misses you.
You climb upwards.
There is a stone staircase leading down here.
Casting: Foxfire (safe; 6% risk of failure)
Confirm with . or Enter, or press ? or * to list all spells.
Flames lash the gnoll.
The gnoll is heavily wounded.
The gnoll's fire resistance burns away.
The bat hits you but does no damage. The gnoll closely misses you.
Unknown command.
Casting: Scorch (safe; 7% risk of failure)
Confirm with . or Enter, or press ? or * to list all spells.
Flames lash the bat.
You kill the bat!
The gnoll hits you with a +3 flail of holy wrath.
Unknown command.
Casting: Scorch (safe; 7% risk of failure)
Confirm with . or Enter, or press ? or * to list all spells.
You miscast Scorch.
You are very lightly contaminated with residual magic.
Nothing appears to happen.
The gnoll hits you with a +3 flail of holy wrath.
Unknown command.
Casting: Scorch (safe; 7% risk of failure)
Confirm with . or Enter, or press ? or * to list all spells.
You don't have enough magic to cast this spell.
You see here a bat corpse.
The gnoll is no longer more vulnerable to fire.
The gnoll attacks as it pursues you!
The gnoll hits you with a +3 flail of holy wrath.
The gnoll attacks as it pursues you! The gnoll misses you.
The gnoll attacks as it pursues you!
The gnoll hits you with a +3 flail of holy wrath!
Ouch! That really hurt!
You die...

#.######......###.....#####
#.# ##...### ##._.## #^#
##.######.....#### #.#
#..>...#...#...#.## #.#
#.####....###.....# #.# #.#
##..## ##..#.# ##.## #.#
##..# #..####
##...######.#### #### ##.#
#.....>†....g@.# #.#
##...######.##.# #.#####
##.##### #.##.# #.##..#
#......# #.##[####### #.##.#.
#.####.###..........###..##..
#.# #.............#....##...
#.# ########.###.###.#.##...
#.# #.#..## ##...#... #.#
#.#.#.###.#.##..#


You could see a gnoll.

Vanquished Creatures
  2 adders (D:2)
  A gnoll (D:2)
  8 ball pythons
  An endoplasm (D:2)
  2 goblins
  5 hobgoblins
  A quokka (D:2)
  7 bats
  2 frilled lizards (D:1)
  2 kobolds (D:1)
  2 rats (D:1)
33 creatures vanquished.

Vanquished Creatures (collateral kills)
  A foxfire (D:1)
1 creature vanquished.

Vanquished Creatures (others)
  137 foxfires
137 creatures vanquished.

Grand Total: 171 creatures vanquished

Notes
Turn   | Place    | Note
-------+----------+-------------------------------------------
     0 | D:1      | retardedninja the Gargoyle Fire Elementalist began the
                  | quest for the Orb.
     0 | D:1      | Reached XP level 1. HP: 10/10 MP: 3/3
   392 | D:1      | Reached XP level 2. HP: 15/15 MP: 3/5
   958 | D:1      | Found a faded altar of an unknown god.
  1177 | D:1      | Learned a level 2 spell: Scorch
  1216 | D:2      | Reached XP level 3. HP: 19/19 MP: 3/6
  1913 | D:2      | Reached XP level 4. HP: 24/24 MP: 2/7
  2072 | D:1      | Slain by a gnoll

Illustrated notes

Levels and vault maps discovered:
D:1:      matt_arrival_grand_opening, layout_loops_ring,
          nicolae_ecumenical_snake_handling, minmay_shallow_snake_nest
D:2:      layout_basic, minivault_19, nicolae_wormholes

Skill      XL: |  1  2  3 |
---------------+----------+-----
Dodging        | 2 |  2.0
Stealth        | 3 |  3.0
Conjurations   | 2 |  2.0
Spellcasting   | |  2.4
Fire Magic     | |  3.4

Action                     |  1- 3 |  4- 6 || total
---------------------------+-------+-------++-------
  Melee: Unarmed           |     8 |       ||     8
   Cast: Foxfire           |    81 |       ||    81
         Scorch            |       |     2 ||     2
 Armour: Robe              |    10 |    10 ||    20
  Dodge: Dodged            |    17 |     7 ||    24

Table legend: (Time is in decaauts)
 A = Elapsed time spent in this place.
 B = Non-inter-level travel time spent in this place.
 C = Inter-level travel time spent in this place.
 D = Time resting spent in this place.
 E = Time spent auto-exploring this place.
 F = Levels seen in this place.
 G = Mean time per level.
                   A        B        C        D        E       F      G
               +--------+--------+--------+--------+--------+-----+--------+
         Total |   2074 |   2060 |     14 |    191 |   1583 |   2 | 1037.0 |
       Dungeon |   2074 |   2060 |     14 |    191 |   1583 |   2 | 1037.0 |
               +--------+--------+--------+--------+--------+-----+--------+

Top non-repeatable levels by time:
     D:1: 1328 daAuts
     D:2: 745 daAuts
